Map: Terraform LE (Void)

Players

SolaCe (Nina)

  • Race: Protoss Protoss
  • League: Diamond

RayReign - Winner!

  • Race: Protoss Protoss
  • League: Diamond

Event: ASL Season 5 Prime League LOTV Beta

VOD

Have the link to the VOD?

Description

Time

  • Played on: Sept. 19, 2015, 10:46 p.m.
  • Length: 7:34

All games in this series

Show
View Real Time Build Order
Export as new Build Order

SolaCe Protoss 

Build Orders:  

Get SALT Encoding   

  12  0:00  Probe (Chrono Boost)  
  13  0:10  Probe (Chrono Boost)  
  14  0:18  Pylon  
  14  0:21  Probe (Chrono Boost)  
  15  0:36  Probe (Chrono Boost)  
  15  0:38  Gateway  
  16  0:45  Probe (Chrono Boost)  
  17  0:50  Assimilator  
  17  0:55  Probe (Chrono Boost)  
  18  1:05  Probe (Chrono Boost)  
  19  1:15  Probe (Chrono Boost)  
  20  1:25  Cybernetics Core, Probe (Chrono Boost)  
  20  1:31  Pylon  
  21  1:37  Probe (Chrono Boost)  
  22  1:50  Pylon  
  22  1:54  Probe (Chrono Boost)  
  22  1:58  Assimilator  
  23  2:04  Mothership Core (Chrono Boost)  
  25  2:09  Nexus  
  25  2:15  Warp Gate (Chrono Boost)  
  25  2:22  Probe (Chrono Boost)  
  26  2:24  Adept (Chrono Boost)  
  28  2:32  Probe (Chrono Boost)  
  29  2:41  Gateway  
  29  2:43  Probe  
  30  2:49  Gateway  
  30  2:58  Pylon  
  30  2:59  Probe  
  31  3:11  Pylon  
  31  3:19  Stalker (Chrono Boost)  
  31  3:21  Probe  
  33  3:33  Probe  
  34  3:43  Nexus  
  34  3:46  Probe, Pylon  
  35  3:53  Probe  
  36  4:05  Probe  
  37  4:18  Stalker  
  37  4:23  Pylon  
  39  4:26  Pylon  
  39  4:29  Pylon  
  39  4:30  Pylon  
  39  4:33  Probe  
  39  4:43  Stalker, Robotics Facility  
  39  4:45  Twilight Council, Probe  
  42  4:46  Stalker  
  44  4:55  Probe  
  44  4:57  Probe  
  46  5:05  Probe  
  46  5:09  Probe  
  48  5:15  Probe  
  48  5:16  Stalker x2, Blink (Chrono Boost)  
  53  5:21  Probe  
  54  5:34  Probe x2, Observer (Chrono Boost)  
  54  5:41  Stalker x3  
  61  5:46  Probe, Pylon  
  62  5:58  Pylon  
  62  6:04  Probe  
  62  6:05  Nexus  
  55  6:20  Stalker x3  
  55  6:28  Probe  
  55  6:31  Gateway  
  55  6:32  Immortal (Chrono Boost), Pylon  
  56  6:33  Gateway  
  56  6:42  Pylon  
  56  6:43  Stalker x2  
  56  6:44  Stalker  
  56  6:45  Pylon  
  61  6:58  Pylon  
  61  7:02  Cybernetics Core  
Show
View Real Time Build Order
Export as new Build Order

RayReign Protoss - Winner!

Build Orders: Blink Stalkers 

Get SALT Encoding   

  12  0:00  Probe (Chrono Boost)  
  13  0:11  Probe (Chrono Boost)  
  14  0:18  Pylon  
  14  0:21  Probe (Chrono Boost)  
  15  0:36  Probe (Chrono Boost)  
  15  0:37  Gateway  
  16  0:46  Probe (Chrono Boost)  
  16  0:48  Assimilator  
  17  0:52  Assimilator  
  17  0:56  Probe (Chrono Boost)  
  18  1:02  Pylon  
  18  1:06  Probe (Chrono Boost)  
  19  1:16  Probe (Chrono Boost)  
  20  1:24  Cybernetics Core  
  20  1:26  Probe (Chrono Boost)  
  21  1:35  Probe (Chrono Boost)  
  22  1:43  Zealot (Chrono Boost)  
  22  1:46  Probe (Chrono Boost)  
  25  1:47  Pylon  
  26  2:02  Mothership Core  
  26  2:03  Warp Gate  
  26  2:07  Stalker (Chrono Boost)  
  29  2:16  Twilight Council  
  29  2:24  Probe  
  30  2:32  Stalker (Chrono Boost)  
  32  2:52  Nexus  
  32  2:57  Probe (Chrono Boost)  
  33  3:00  Blink (Chrono Boost)  
  33  3:23  Robotics Facility  
  33  3:28  Pylon  
  33  3:32  Pylon  
  31  3:46  Probe  
  32  3:50  Gateway  
  32  3:56  Gateway  
  32  4:10  Probe  
  32  4:12  Observer (Chrono Boost)  
  32  4:15  Stalker  
  36  4:17  Probe  
  36  4:23  Probe  
  38  4:27  Probe  
  39  4:31  Pylon  
  39  4:44  Gateway  
  39  4:46  Stalker  
  39  4:47  Stalker  
  43  4:53  Probe  
  43  4:55  Warp Prism  
  46  5:00  Pylon  
  46  5:01  Probe  
  47  5:09  Stalker  
  47  5:11  Probe  
  50  5:14  Probe  
  50  5:21  Stalker  
  53  5:23  Probe  
  54  5:35  Stalker x2  
  54  5:40  Probe  
  54  5:42  Probe  
  57  5:50  Observer  
  57  5:52  Stalker  
  57  5:56  Stalker  
  61  6:00  Pylon  
  61  6:02  Pylon  
  54  6:19  Stalker x3  
  54  6:20  Stalker  
  58  6:26  Gateway  
  58  6:28  Gateway  
  58  6:29  Observer (Chrono Boost), Shield Upgrade (Chrono Boost)  
  59  6:37  Probe  
  61  6:40  Probe  
  61  6:48  Stalker  
  61  6:49  Stalker x3  
  69  7:02  Gateway  
  69  7:03  Gateway  
  67  7:24  Stalker x2  
  67  7:25  Stalker x2  
Tags
 
Add a new tag
Caveats
  • Supply blocks, unpowered buildings, or Contaminate may cause inaccurate times.
  • Supply counts are checked every 10 seconds.